AoeStats
← eu bata6625

Black Forest

510142229Analyzed
4v4 RM · 3d ago on Sep 29, 2026· 70m 56s· 8 players
Game mode
Random Map
Map size
Large (8 player)
Population
200
Speed
Normal
Resources
Standard
Victory
Conquest
Starting age
Dark Age
Ending age
Imperial Age
RankedLock teamsTeams togetherTeam positionsShared explorationLock speedFull tech treeHidden civsTurbo modeCheats
Victory
Defeat
🇧🇪 Teutons · Belgium
950
+14
🇬🇧 Byzantines · United Kingdom
948
+14
🇮🇹 Britons · Italy
902
+16
🇨🇱 Ethiopians · Chile
844
+17
🇦🇷 Bohemians · Argentina
918
-16
🇦🇷 Britons · Argentina
912
-16
🇦🇷 Jurchens · Argentina
904
-16
🇦🇷 Huns · Argentina
851
-13
SOKOTREKE
0:28 Loom
13:00 Feudal Age
19:32 Castle Age
17:19 Double-Bit Axe
21:19 Fletching
28:45 Redemption
37:03 Imperial Age
39:06 Chemistry
38:58 Conscription
43:05 Bow Saw
42:37 Horse Collar
44:57 Pikeman
46:34 Halberdier
49:23 Squires
51:42 Wheelbarrow
50:55 Town Watch
51:44 Caravan
59:07 Forging
58:58 Scale Mail Armor
60:45 Iron Casting
64:17 Blast Furnace
63:32 Chain Mail Armor
64:17 Blast Furnace
63:32 Chain Mail Armor
CondorAlbino
0:39 Loom
12:12 Feudal Age
12:46 Double-Bit Axe
14:59 Gold Mining
15:23 Man-at-Arms
16:25 Forging
23:03 Castle Age
24:34 Wheelbarrow
24:12 Bow Saw
24:08 Husbandry
24:43 Scale Barding Armor
26:12 Bloodlines
26:50 Horse Collar
30:18 Heavy Plow
30:22 Gold Mining
36:06 Imperial Age
33:55 Hand Cart
34:22 Gold Shaft Mining
35:38 Fletching
35:51 Scale Mail Armor
37:55 Iron Casting
37:40 Chain Barding Armor
37:16 Bodkin Arrow
37:23 Padded Archer Armor
39:46 Ballistics
39:22 Murder Holes
40:59 Bracer
41:15 Chain Mail Armor
42:55 Chemistry
43:10 Two-Man Saw
43:14 Chain Barding Armor
43:11 Leather Archer Armor
44:36 Pikeman
45:16 Squires
46:23 Ring Archer Armor
46:53 Blast Furnace
46:48 Siege Engineers
48:39 Town Watch
51:59 Plate Barding Armor
53:31 Town Patrol
53:01 Elite Steppe Lancer
54:17 Elite Fire Lancer
58:04 Elite Skirmisher
59:17 Ring Archer Armor
68:54 Heavy Scorpion
eu bata6625
9:26 Feudal Age
9:57 Double-Bit Axe
9:56 Horse Collar
16:56 Castle Age
18:50 Bow Saw
18:41 Heavy Plow
19:26 Wheelbarrow
24:29 Stone Mining
24:39 Gold Mining
24:33 Crossbowman
25:36 Loom
29:56 Imperial Age
27:49 Hand Cart
28:39 Ballistics
28:07 Pikeman
29:00 Fletching
29:11 Padded Archer Armor
30:42 Gold Shaft Mining
31:07 Yeomen
31:10 Conscription
32:08 Two-Man Saw
32:32 Chemistry
32:12 Town Watch
33:02 Bodkin Arrow
33:24 Leather Archer Armor
34:08 Arbalester
34:25 Elite Skirmisher
35:19 Warwolf
36:04 Halberdier
43:08 Bracer
43:39 Ring Archer Armor
59:52 Forging
59:43 Scale Mail Armor
62:12 Man-at-Arms
64:15 Long Swordsman
65:23 Two-Handed Swordsman
67:42 Town Patrol
67:09 Champion
68:23 Chain Mail Armor
68:44 Iron Casting
68:51 Squires
Djsanty8183
0:29 Loom
13:50 Feudal Age
23:48 Castle Age
22:39 Stone Mining
22:47 Double-Bit Axe
25:06 Wheelbarrow
27:30 Murder Holes
28:20 Horse Collar
31:41 Gold Mining
32:10 Marauders
34:07 Husbandry
34:20 Bloodlines
34:38 Elite Skirmisher
35:52 Fletching
36:10 Scale Barding Armor
36:56 Bow Saw
36:50 Heavy Plow
44:54 Imperial Age
42:43 Hand Cart
43:49 Forging
44:01 Chain Barding Armor
45:29 Iron Casting
45:24 Bodkin Arrow
46:47 Light Cavalry
47:11 Elite Tarkan
48:11 Hussar
49:44 Plate Barding Armor
50:50 Blast Furnace
58:30 Cavalier
61:42 Paladin
63:56 Ballistics
66:05 Scale Mail Armor
PEPPER MINT FRESH
7:40 Loom
10:27 Feudal Age
11:39 Double-Bit Axe
18:03 Forging
17:54 Scale Mail Armor
17:17 Man-at-Arms
24:44 Castle Age
22:29 Horse Collar
25:10 Stone Mining
25:11 Gold Mining
25:17 Gold Mining
28:14 Wheelbarrow
31:24 Imperial Age
29:50 Hand Cart
29:50 Bow Saw
32:15 Scale Barding Armor
32:46 Iron Casting
32:15 Caravan
35:26 Conscription
35:09 Cavalier
38:05 Two-Man Saw
37:09 Heavy Plow
38:32 Chain Barding Armor
40:29 Chemistry
39:50 Ballistics
40:11 Plate Barding Armor
41:22 Paladin
44:12 Murder Holes
44:38 Bombard Tower
48:02 Elite Cataphract
51:55 Logistica
51:15 Capped Ram
59:31 Crop Rotation
matematicadiscreta
3:28 Loom
12:01 Feudal Age
15:42 Horse Collar
16:29 Double-Bit Axe
19:05 Castle Age
17:37 Gold Mining
17:13 Man-at-Arms
26:48 Heavy Plow
29:13 Wheelbarrow
28:57 Stone Mining
30:33 Bow Saw
30:25 Pikeman
31:22 Fletching
31:32 Padded Archer Armor
31:43 Forging
34:03 Bodkin Arrow
34:25 Leather Archer Armor
37:40 Imperial Age
35:58 Gold Shaft Mining
36:46 Iron Casting
36:23 Elite Skirmisher
38:33 Bracer
39:03 Ring Archer Armor
41:09 Hand Cart
44:28 Blast Furnace
44:40 Heavy Mounted Crossbowman
44:41 Cranequins
47:58 Yeomen
49:17 Conscription
50:09 Caravan
51:51 Ballistics
54:34 Chemistry
53:38 Cavalier
54:19 Husbandry
54:55 Scale Barding Armor
56:01 Chain Barding Armor
58:22 Light Cavalry
69:13 Coinage
BlackDream
1:27 Loom
12:46 Feudal Age
18:19 Castle Age
16:20 Double-Bit Axe
16:30 Horse Collar
17:10 Stone Mining
18:57 Wheelbarrow
19:12 Bow Saw
19:27 Heavy Plow
21:06 Stone Shaft Mining
22:42 Hand Cart
24:25 Fortified Wall
24:45 Gold Mining
30:38 Gold Shaft Mining
33:50 Imperial Age
33:22 Murder Holes
33:38 Masonry
33:23 Heated Shot
33:57 Ballistics
34:11 Forging
34:02 Scale Mail Armor
34:07 Squires
33:52 Arson
34:16 Royal Heirs
36:03 Conscription
35:14 Elite Shotel Warrior
36:44 Iron Casting
36:24 Chain Mail Armor
36:47 Iron Casting
38:13 Two-Man Saw
37:49 Plate Mail Armor
40:47 Blast Furnace
39:44 Halberdier
41:00 Architecture
46:56 Caravan
70:37 Spies/Treason
lodecesky
0:34 Loom
12:26 Feudal Age
15:36 Fletching
21:03 Horse Collar
25:44 Castle Age
26:12 Stone Mining
26:13 Gold Mining
26:27 Double-Bit Axe
28:08 Wheelbarrow
28:16 Bow Saw
28:32 Heavy Plow
34:54 Fortified Wall
35:05 Ballistics
36:58 Hand Cart
40:50 Imperial Age
42:00 Crenellations
42:01 Conscription
43:10 Town Watch
43:37 Scale Barding Armor
43:43 Forging
44:43 Chemistry
47:26 Two-Man Saw
48:02 Ironclad
48:23 Cavalier
49:13 Bloodlines
50:44 Guilds
50:06 Paladin
51:05 Forging
51:01 Scale Barding Armor
51:48 Crop Rotation
52:28 Iron Casting
51:49 Bodkin Arrow
53:09 Caravan
54:36 Town Patrol
55:43 Blast Furnace
55:04 Chain Barding Armor
55:32 Hoardings
60:49 Plate Barding Armor
61:49 Coinage
61:40 Heavy Scorpion
67:03 Siege Engineers
68:27 Banking
Connection lost

Rejoining the realm…

Still unreachable

The connection could not be restored.

Session expired

The server has moved on; the page needs a fresh start.